 Dungeon Crawl Stone Soup version 0.21.1-1-g345015f (webtiles) character file.

112 troglodite the Skirmisher (level 4, -3/37 HPs)
             Began as a Demonspawn Berserker on Mar 7, 2018.
             Was a Believer of Trog.
             Slain by a gnoll
             ... wielding a +0 halberd
              (12 damage)
             ... on level 3 of the Dungeon.
             The game lasted 00:07:20 (2329 turns).

troglodite the Skirmisher (Demonspawn Berserker)    Turns: 2329, Time: 00:07:20

Health: -3/37      AC:  8    Str: 18    XL:     4   Next: 64%
Magic:  0/4        EV: 12    Int: 13    God:    Trog [**....]
Gold:   171        SH:  0    Dex: 16    Spells: 3/3 levels left

rFire    . . .     SeeInvis .   a - +0 falchion
rCold    . . .     Gourm    .   (no shield)
rNeg     . . .     Faith    .   q - +0 ring mail
rPois    .         Spirit   +   (no helmet)
rElec    .         Reflect  .   d - scarf {Spirit}
rCorr    .         Harm     .   j - +0 pair of gloves
MR       .....                  (no boots)
Stlth    +.........             (no amulet)
HPRegen  0.12/turn              h - +3 ring of dexterity
MPRegen  0.09/turn              (no ring)

@: brilliant, berserk cooldown, starving, slowed, very slow
A: icy blue scales 1, powered by pain 1
a: Berserk, Trog's Hand, Burn Spellbooks, Renounce Religion


You were on level 3 of the Dungeon.
You worshipped Trog.
Trog was pleased with you.
You were starving.

You visited 1 branch of the dungeon, and saw 3 of its levels.

You collected 171 gold pieces.

Inventory:

Hand Weapons
 a - a +0 falchion (weapon)
Missiles
 o - 22 sling bullets
Armour
 d - a scarf of spirit shield (worn)
 j - a +0 pair of gloves (worn)
 q - a +0 ring mail (worn)
Jewellery
 h - a +3 ring of dexterity (left hand)
Scrolls
 f - 2 scrolls of enchant armour {unknown}
 k - a scroll of remove curse {unknown}
 l - a scroll of fear {unknown}
 n - a scroll of blinking {unknown}
 r - a scroll of identify {unknown}
Potions
 b - a potion of cancellation {unknown}
 e - 4 potions of curing
 g - a potion of resistance {unknown}
 i - a potion of heal wounds {unknown}
 m - a potion of brilliance
 p - a potion of mutation {unknown}
Comestibles
 c - 5 rations


   Skills:
 * Level 4.1 Fighting
 + Level 3.4 Long Blades
 * Level 2.2 Armour
 * Level 2.4 Dodging
 + Level 0.3 Stealth


You had 3 spell levels left.
You didn't know any spells.

Dungeon Overview and Level Annotations

Branches:
Dungeon (3/15)

Altars:
Trog


Innate Abilities, Weirdness & Mutations

You are partially covered in icy blue scales. (AC +2)
You sometimes gain a little power by taking damage.


Message History

You barely miss the goblin. The gnoll hits you but does no damage.
You slash the gnoll!
The gnoll is severely wounded.
The gnoll barely misses you.
You slash the gnoll!
You kill the gnoll!
Trog accepts your kill.
You are no longer berserk.
You are exhausted.
You feel yourself slow down. The goblin barely misses you.
The gnoll hits you from afar with a halberd.
* * * LOW HITPOINT WARNING * * *
It was a potion of curing.
You feel better. The goblin barely misses you.
The gnoll hits you from afar with a halberd.
* * * LOW HITPOINT WARNING * * *
It was a potion of brilliance.
You feel clever all of a sudden. The goblin misses you.
The gnoll hits you from afar with a halberd!
You die...

.......
.......
#######...>...
#.............
#.............
#..(.........#
#....))......#
#....).g.....#
#.....@.g....#
#.....)....###
#.........##
#.......###
#########


You could see a gnoll and a goblin.

Vanquished Creatures
  2 gnolls (D:3)
  3 adders (D:2)
  2 oozes
  2 worms (D:2)
  A dart slug (D:1)
  A leopard gecko (D:2)
  5 orcs
  5 bats
  2 giant cockroaches (D:1)
  9 goblins
  2 hobgoblins (D:1)
  A ball python (D:1)
  5 frilled lizards
  5 kobolds (D:1)
  A rat (D:2)
46 creatures vanquished.

Notes
Turn   | Place    | Note
-------+----------+-------------------------------------------
     0 | D:1      | troglodite the Demonspawn Berserker began the quest for the Orb.
     0 | D:1      | Reached XP level 1. HP: 18/18 MP: 1/1
   111 | D:1      | Gained mutation: You are partially covered in icy blue scales. (AC +2) [demonic ancestry]
   111 | D:1      | Reached XP level 2. HP: 23/24 MP: 2/2
   254 | D:1      | You fall through a shaft!
   547 | D:2      | Gained mutation: You sometimes gain a little power by taking damage. [demonic ancestry]
   547 | D:2      | Reached XP level 3. HP: 30/30 MP: 3/3
  1087 | D:1      | Reached ** piety under Trog
  1246 | D:2      | Found a bloodstained altar of Trog.
  1262 | D:2      | Reached XP level 4. HP: 19/37 MP: 1/4
  2048 | D:2      | Reached skill level 4 in Fighting
  2327 | D:3      | HP: 1/37 [gnoll/halberd (3)]
  2329 | D:3      | Slain by a gnoll

Skill      XL: |  1  2  3  4 |
---------------+-------------+-----
Dodging        | 2 |  2.4
Long Blades    | 3 |  3.4
Armour         | 2 |  2.2
Fighting       | 4 |  4.1
Stealth        | |  0.3

Action                   |  1- 3 |  4- 6 || total
-------------------------+-------+-------++-------
Melee: Falchion          |    92 |    35 ||   127
Invok: Berserk           |     2 |     1 ||     3
  Use: Potion            |       |     2 ||     2
 Stab: Sleeping          |     2 |       ||     2
  Eat: Chunk             |     3 |     2 ||     5
Armor: Animal skin       |    31 |     6 ||    37
       Ring mail         |       |     8 ||     8
Dodge: Dodged            |    66 |    38 ||   104
       Rpst.: Falchion   |    20 |     9 ||    29
